← All builds
Geo sea / Armada / Economy first / OBSERVED BUILD

Standard geo sea

Armada Geo sea build order · Supreme Isthmus

The role's baseline: bot lab then shipyard in the cove, early destroyer and submarine to contest the sea, with geothermal powering the economy as the game transitions into a naval/amphibious mix.

Usually shipyard in the cove (89%)

#naval #eco · 1349 distinct matches · 173 players · 78% of Armada Geo sea games · team won 55% of 1504 · Recently observed

HOW TO PLAY IT

Key timing: Shipyard by 3:12

  1. Open 3 mex and wind, then drop Bot Lab by 1:12.
  2. Build Shipyard in the cove to start the naval contest.
  3. Pump submarine then destroyer to contest enemy sea entry.
  4. Add geothermal powerplant to fund the economy transition.
  5. Upgrade to Advanced Metal Extractor as eco scaling finishes.

Phase by phase

TYPICAL OF ITS 1349 GAMES
  1. 1
  2. 2
  3. 3
  4. 4
PLAY THE OPENING

Follow the example game's first 6:00 step by step: what to build now, what comes next, and where it goes. At 1× it keeps pace with your own game.

  1. 1

    Up to the Bot Lab

    Economy
    • Metal Extractor3Mex
    • Wind Turbine3Wind
    Order
    1. Bot LabBot Lab after 3 mex, 3 winddone ~1:12, middle half 1:06–1:18

    Some games also: wind for allies (46%)

    By 0:55 in all: 3 mex · 3 wind

    The example game in this phase · 6 steps
    1. Wind
    2. Mex
    3. Wind
    4. Mex ×2
    5. Wind ×2for Air
    6. Bot LabBot Labdone 1:15 · typical 1:12
  2. 2

    Bot Lab to Shipyard

    Economy
    • Metal Extractor1Mex
    • Wind Turbine1Wind
    Order
    1. ShipyardShipyard after 4 mex, 4 winddone ~3:11, middle half 2:48–3:37
    Builders
    • Construction Bot3 Con bot
    • Lazarus2 Lazarus

    Some games also: pawn (42%) · con turret (39%) · crossbow (39%)

    By 2:47 in all: 4 mex · 4 wind

    The example game in this phase · 18 steps
    1. TickTick
    2. Wind
    3. LazarusLazarus
    4. Wind
    5. LazarusLazarus
    6. Wind
    7. Construction BotCon bot
    8. Wind
    9. Construction BotCon bot ×2
    10. Mex
    11. CrossbowCrossbow
    12. Wind
    13. PawnPawn
    14. Construction BotCon bot ×2
    15. Wind ×4
    16. Mex
    17. Con turret
    18. ShipyardShipyarddone 4:18 · typical 3:11
  3. 3

    Shipyard to 5:00

    Economy
    • Metal Extractor4Mex
    • Wind Turbine2Wind
    Order
    1. Bot LabEat Bot Lab
    Builders
    • Construction Ship1 Con ship
    Army
    • Dolphin3 Dolphin
    • Skater1 Skater
    Other
    • Radar Tower1 Radar Tower

    Some games also: destroyer (48%) · Sentry (44%) · submarine (44%) · converter (33%) · con turret (32%)

    By 5:00 in all: 8 mex · 7 wind · 1 energy storage · 1 con turret

    The example game in this phase · 17 steps
    1. Wind
    2. Energy storage
    3. Mex
    4. Radar TowerRadar Tower
    5. Wind ×2
    6. Converter
    7. Construction ShipCon ship
    8. Con turret
    9. Converter
    10. SkaterSkater
    11. Construction ShipCon ship
    12. Naval Construction Turret
    13. Mex
    14. SkaterSkater
    15. Bot LabEat Bot Labreclaimed for its metal
    16. Wind
    17. DolphinDolphin
  4. 4

    5:00 to 10:00

    Economy
    • Metal Extractor2Mex
    • Wind Turbine12Wind
    • Energy Converter3Converter
    Builders
    • Construction Turret1 Con turret
    • Grim Reaper1 Grim Reaper
    • Construction Ship1 Con ship
    Army
    • Sentry1 Sentry
    • Dolphin4 Dolphin
    • Skater2 Skater
    • Corsair2 Destroyer

    Some games also: Harpoon (42%) · frigate (42%) · geo (41%) · Naval Construction Turret (35%) · submarine (31%)

    By 10:00 in all: 11 mex · 20 wind · 1 geo · 4 converter · 1 energy storage · 2 con turret

    The example game in this phase · 126 steps
    1. Wind
    2. DolphinDolphin
    3. Naval Radar / Sonar TowerNaval Radar / Sonar Tower
    4. Wind
    5. Mex
    6. EelSubmarinedone 5:40 · typical 4:27
    7. Radar TowerRadar Tower
    8. Converter ×2
    9. Grim ReaperGrim Reaper
    10. SentrySentry
    11. Converter
    12. SentrySentry
    13. CorsairDestroyerdone 7:00 · typical 5:39
    14. Wind ×2
    15. Geothermal PowerplantGeodone 9:25 · typical 7:52
    16. Mex
    17. Converter
    18. Advanced Metal ExtractorT2 mexdone 7:17 · typical 9:21
    19. Wind
    20. DolphinDolphin
    21. Grim ReaperGrim Reaper
    22. Mex
    23. Wind
    24. Advanced Metal ExtractorT2 mex
    25. SkaterSkater
    26. Mex
    27. EllysawFrigate
    28. Wind
    29. DolphinDolphin
    30. Naval Construction Turret
    31. Naval Radar / Sonar TowerNaval Radar / Sonar Tower
    32. Advanced Metal ExtractorT2 mex
    33. DolphinDolphin
    34. Wind ×2
    35. DolphinDolphin
    36. Construction ShipCon ship
    37. Wind
    38. SkaterSkater
    39. Advanced Metal ExtractorT2 mex
    40. Grim ReaperGrim Reaper
    41. Mex
    42. Hovercraft PlatformHovercraft Platformdone 9:27
    43. Wind
    44. Converter
    45. Grim ReaperGrim Reaper
    46. PossumPossum
    47. Mex
    48. Con turret
    49. Construction ShipCon ship
    50. SeekerSeeker
    51. EllysawFrigate
    52. Grim ReaperGrim Reaper
    53. Wind
    54. Naval Construction Turret
    55. Advanced Metal ExtractorT2 mex
    56. Wind
    57. EllysawFrigate
    58. SkaterSkater
    59. Wind ×2
    60. DolphinDolphin
    61. Naval Construction Turret
    62. Wind
    63. Grim ReaperGrim Reaper
    64. DolphinDolphin
    65. Naval Construction Turret
    66. Mex
    67. Wind
    68. Advanced solar
    69. Grim ReaperGrim Reaper
    70. Advanced Metal ExtractorT2 mex
    71. Naval Radar / Sonar TowerNaval Radar / Sonar Tower ×2
    72. SkaterSkater
    73. DolphinDolphin
    74. EllysawFrigate
    75. DolphinDolphin ×2
    76. SkaterSkater
    77. DolphinDolphin
    78. Advanced solar
    79. SkaterSkater ×3
    80. Grim ReaperGrim Reaper
    81. EllysawFrigate
    82. Grim ReaperGrim Reaper
    83. CorsairDestroyer
    84. Naval Radar / Sonar TowerNaval Radar / Sonar Tower
    85. CorsairDestroyer
    86. Wind
    87. Converter
    88. SkaterSkater ×2
    89. SeekerSeeker
    90. SweeperSweeper
    91. SkaterSkater
    92. Fusion ReactorFusiondone 13:26
    93. SkaterSkater
    94. Naval Radar / Sonar TowerNaval Radar / Sonar Tower
    95. SkaterSkater
    96. DolphinDolphin ×5
    97. SweeperSweeper
    98. Wind
    99. Hovercraft PlatformEat Hovercraft Platformreclaimed for its metal
    100. Naval Radar / Sonar TowerNaval Radar / Sonar Tower
    101. EllysawFrigate
    102. Wind
    103. EllysawFrigate
    104. Wind
    105. BeamerBeamer
    106. Fusion ReactorFusion
    107. EllysawFrigate
    108. Advanced ShipyardAdvanced Shipyarddone 14:53
    109. BeamerBeamer
    110. Naval Construction Turret
    111. EllysawFrigate
    112. Naval Construction Turret
    113. Wind
    114. Dragon's TeethDragon's Teeth
    115. Naval Radar / Sonar TowerNaval Radar / Sonar Tower
    116. Dragon's TeethDragon's Teeth ×7
    117. Hovercraft PlatformHovercraft Platformnot finished by 15:00
    118. Dragon's TeethDragon's Teeth
    119. Wind
    120. Dragon's TeethDragon's Teeth ×6
    121. Wind
    122. Dragon's TeethDragon's Teeth
    123. Construction ShipCon ship
    124. Naval Radar / Sonar TowerNaval Radar / Sonar Tower
    125. Wind
    126. T2 converter

Counts are medians over the build's games: half of them build more, half fewer. The example game is Cinnamon18's (31 OS, 16/08/2026); pick another.

Team trades

IN AT LEAST 30% OF ITS GAMES

You hand over

  • Wind Turbine2 Wind to Airfirst at 1:41 · in 64% of games

You get

  • Finch1 Finch from Airfirst at 1:53 · in 74% of games
  • Hercules1 Light transport from Airfirst at 2:04 · in 65% of games
  • Advanced Construction Bot1 T2 con bot from Techfirst at 7:43 · in 90% of games

How it plays out

Typical game of this build, running totals by minute

Metal produced

010k20k30k
0:005:0010:0015:00

metal

Enemy metal destroyed

05k10k
0:005:0010:0015:00

metal

Own metal lost

02.5k5k7.5k
0:005:0010:0015:00

metal

1504 games.

Show as table
ByMetal produced: This buildEnemy metal destroyed: This buildOwn metal lost: This build
1:0039500
2:0092800
3:00160000
4:002877040
5:00412619054
6:005518532295
7:007055993623
8:00872116921030
9:001057824611601
10:001280333632247
11:001538344203110
12:001846854653798
13:002177264294605
14:002537875495383
15:002896984516190
WHAT THE NUMBERS SAY

Standard Geo sea play wins slightly less than half the time but builds a strong metal base by 15:00 with moderate losses.

  • + Metal produced reaches 29210 by 15:00, well above Beach sea's early pace.
  • + Corsair (destroyer) makes up 34% of army, a clear naval focus.
  • − Own metal lost climbs to 6339 by 15:00 from sea skirmishes.
  • − Geothermal only completes in 58% of games, an inconsistent power spike.
THE EXAMPLE YOU ARE READING

Cinnamon18

30.8 OS · 16/08/2026

Open source match ↗

2 received units · includes a constructor
609 metal received · 78825 energy received

Allied construction assistance is unknown. Timings are observations, not a promise of solo reproducibility.

Typical milestones

Bot Lab1:12Middle 50%: 1:06–1:18 · n=1462
Shipyard3:11Middle 50%: 2:48–3:37 · n=1484
Eel4:27Middle 50%: 3:45–5:37 · n=915
Corsair5:39Middle 50%: 4:56–6:38 · n=1384
Geothermal Powerplant7:52Middle 50%: 6:48–9:30 · n=947
Advanced Metal Extractor9:21Middle 50%: 8:39–10:10 · n=1316

Played most by

_X_134games of this buildJesterB66games of this buildOptimusprimenutt61games of this buildhaaven54games of this buildpyrothraxus51games of this build